 Dungeon Crawl Stone Soup version 0.27-a0-607-g1ad3dbde53 (webtiles) character file.

Game seed: 10847758073411324541

37 Gaff the Grasshopper (level 3, 0/37 HPs)
             Began as an Ogre Warper on Mar 12, 2021.
             Succumbed to an adder's poison
             ... on level 1 of the Dungeon.
             The game lasted 00:03:05 (979 turns).

Gaff the Grasshopper (Ogre Warper)                   Turns: 979, Time: 00:03:06

Health: 0/37       AC:  4    Str: 15    XL:     3   Next: 39%
Magic:  1/6        EV: 10    Int: 15    God:
Gold:   80         SH:  0    Dex:  8    Spells: 5/7 levels left

rFire    . . .     SeeInvis .   a - +0 mace
rCold    . . .     Faith    .   (no shield)
rNeg     . . .     Spirit   .   b - +0 robe
rPois    .         Reflect  .   (helmet restricted)
rElec    .         Harm     .   c - +0 cloak
rCorr    .         Rampage  .   (gloves unavailable)
Will     .....                  (boots unavailable)
Stlth    +.........             (no amulet)
HPRegen  0.12/turn              (no ring)
MPRegen  0.10/turn              (no ring)

@: lethally poisoned (0 -> -12), very slightly contaminated
A: large, unfitting armour, tough skin 1
a: no special abilities


You were on level 1 of the Dungeon.
You visited 1 branch of the dungeon, and saw 2 of its levels.

You collected 80 gold pieces.

Inventory:

Hand Weapons
 a - a +0 mace (weapon)
Missiles
 e - 5 boomerangs of dispersal (quivered)
Armour
 b - a +0 robe (worn)
 c - a +0 cloak (worn)
Scrolls
 d - a scroll of blinking
 g - 3 scrolls of fear {unknown}
 h - a scroll of teleportation {unknown}
 i - a scroll of amnesia {unknown}
Potions
 f - a potion of haste {unknown}
 j - 2 potions of curing {unknown}
 k - a potion of flight {unknown}


   Skills:
 + Level 3.0 Fighting
 + Level 2.2 Maces & Flails
 - Level 1.0 Throwing
 + Level 2.5 Dodging
 + Level 2.6 Spellcasting
 + Level 3.1 Translocations


You had 5 spell levels left.
You knew the following spells:

 Your Spells              Type           Power      Damage    Failure   Level
a - Blink                 Tloc           N/A        N/A       9%          2

Your spell library contained the following spells:

 Spells                   Type           Power      Damage    Failure   Level
 Gell's Gravitas          Tloc           5%         N/A       17%         3
 Lesser Beckoning         Tloc           5%         N/A       17%         3
 Teleport Other           Tloc           11%        N/A       17%         3
 Manifold Assault         Tloc           11%        N/A       50%         4


Dungeon Overview and Level Annotations

Branches:
Dungeon (2/15)

Altars:


Innate Abilities, Weirdness & Mutations

You are too large for most types of armour.
You have tough skin. (AC +1)


Message History

Casting: Blink (safe; 9% risk of failure)
Confirm with . or Enter, or press ? or * to list all spells.
You blink.
You open the door.
Casting: Blink (safe; 9% risk of failure)
Confirm with . or Enter, or press ? or * to list all spells.
You don't have enough magic to cast this spell.
The adder barely misses you.
There is a stone staircase leading down here.
There is an open door here.
The adder bites you.
* * * LOW HITPOINT WARNING * * *
You are poisoned.
The adder poisons you!
You feel sick.
Casting: Blink (safe; 9% risk of failure)
Confirm with . or Enter, or press ? or * to list all spells.
You miscast Blink.
You are very lightly contaminated with residual magic.
Nothing appears to happen.
The adder bites you but does no damage. The adder closely misses you.
You closely miss the adder.
The adder is heavily wounded.
You feel sick. The adder closely misses you.
You miss the adder.
The adder is heavily wounded.
The adder bites you but does no damage. The adder bites you.
* * * LOW HITPOINT WARNING * * *
You closely miss the adder.
The adder is heavily wounded.
The adder bites you.
* * * LOW HITPOINT WARNING * * *
You are lethally poisoned!
The adder poisons you! The adder bites you.
* * * LOW HITPOINT WARNING * * *
You are more poisoned.
The adder poisons you!
You hit the adder.
The adder is almost dead.
You die...

#................#####.#
#...................##.#
#..............####.##.#
#...........#### #.##.#
#............### #.##.#
#..............# #....#
######.........####.#..####
#.............##......
#....@#....##.##.#####
#....S#.....#.#.....#
#.....##>#.##.#.###.#
#.....'......(#...#.#
#######.....##.#.####.#.#.##
#.............>#.######.#.#.
#..........#...#......#.#.#.
#..........#...######.#...#.
######..........###.######.#####.


You could see an adder.

Vanquished Creatures
  2 adders
  5 bats
  A goblin (D:1)
  3 hobgoblins
  2 jackals (D:1)
  2 kobolds (D:1)
  4 rats (D:1)
19 creatures vanquished.

Notes
Turn   | Place    | Note
-------+----------+-------------------------------------------
     0 | D:1      | Gaff the Ogre Warper began the quest for the Orb.
     0 | D:1      | Reached XP level 1. HP: 22/22 MP: 3/3
   423 | D:1      | Reached XP level 2. HP: 29/29 MP: 5/5
   570 | D:1      | Learned a level 2 spell: Blink
   773 | D:2      | Reached XP level 3. HP: 37/37 MP: 6/6
   979 | D:1      | Succumbed to an adder's poison

Illustrated notes

Levels and vault maps discovered:
D:1:      matt_arrival_grand_opening, layout_basic
D:2:      layout_loops_ring, general_overflow_altar

Skill      XL: |  1  2  3 |
---------------+----------+-----
Maces & Flails | 2 |  2.2
Fighting       | 3 |  3.0
Translocations | 3 |  3.1
Throwing       | |  1.0
Dodging        | |  2.5
Spellcasting   | |  2.6

Action                   || total
-------------------------++-------
Melee: Mace              ||    72
 Cast: Blink             ||     4
Armor: Robe              ||    62
Dodge: Dodged            ||    72

Table legend: (Time is in decaauts)
 A = Elapsed time spent in this place.
 B = Non-inter-level travel time spent in this place.
 C = Inter-level travel time spent in this place.
 D = Time resting spent in this place.
 E = Time spent auto-exploring this place.
 F = Levels seen in this place.
 G = Mean time per level.
                   A        B        C        D        E       F      G
               +--------+--------+--------+--------+--------+-----+--------+
         Total |   1001 |    992 |      9 |    265 |    405 |   2 |  500.5 |
       Dungeon |   1001 |    992 |      9 |    265 |    405 |   2 |  500.5 |
               +--------+--------+--------+--------+--------+-----+--------+

Top non-repeatable levels by time:
     D:1: 884 daAuts
     D:2: 117 daAuts
